 Dungeon Crawl Stone Soup version 0.21.1-1-g345015f (webtiles) character file.

39 inc the Chiller (level 3, 14/14 HPs)
             Began as a Felid Ice Elementalist on Mar 3, 2018.
             Was an Initiate of Wu Jian.
             Quit the game on level 2 of the Dungeon.
             The game lasted 00:04:38 (2030 turns).

inc the Chiller (Felid Ice Elementalist)            Turns: 2030, Time: 00:04:39

Health: 14/14      AC:  1    Str:  4    XL:     3   Next: 26%
Magic:  7/7        EV: 18    Int: 17    God:    Wu Jian [......]
Gold:   155        SH:  0    Dex: 16    Spells: 2/6 levels left
                                        Lives:  0   Deaths: 1

rFire    . . .     SeeInvis +   (weapon unavailable)
rCold    . . .     Gourm    .   (shield unavailable)
rNeg     . . .     Faith    .   (armour unavailable)
rPois    .         Spirit   .   (helmet unavailable)
rElec    .         Reflect  .   (cloak unavailable)
rCorr    .         Harm     .   (gloves unavailable)
MR       .....                  (boots unavailable)
Stlth    +++.......             (no amulet)
HPRegen  0.04/turn              (no ring)
MPRegen  0.10/turn              (no ring)

@: quick
A: very small, no armour, no weapons or thrown items, stealth, claws 1, fangs 3,
see invisible, carnivore, speed 1, shaggy fur 1, slow metabolism 1, sharp paws
a: Renounce Religion


You were on level 2 of the Dungeon.
You worshipped Wu Jian.
Wu Jian was noncommittal.
You were not hungry.

You visited 1 branch of the dungeon, and saw 3 of its levels.

You collected 155 gold pieces.

Inventory:

Scrolls
 d - 2 scrolls of identify {unknown}
 e - 2 scrolls of immolation {unknown}
 f - a scroll of random uselessness {unknown}
 g - 2 scrolls of remove curse {unknown}
 h - 2 scrolls of fog {unknown}
 i - a scroll of blinking {unknown}
 l - a scroll of teleportation {unknown}
 m - a scroll of enchant armour {unknown}
 o - a scroll of enchant weapon {unknown}
Potions
 c - a potion of haste {unknown}
 j - a potion of agility {unknown}
 k - a potion of berserk rage {unknown}
 n - a potion of brilliance {unknown}
 p - 2 potions of flight {unknown}
Books
 a - a book of Frost

   Spells                             Type                      Level
   a - Freeze                         Ice                          1
   b - Throw Frost                    Conjuration/Ice              2
   c - Ozocubu's Armour               Charms/Ice                   3
   d - Throw Icicle                   Conjuration/Ice              4
   e - Summon Ice Beast               Ice/Summoning                4
Comestibles
 b - 5 rations


   Skills:
 - Level 2.6 Dodging
 - Level 2.6 Stealth
 - Level 2.0 Spellcasting
   Level 0.8 Conjurations
 + Level 2.3 Charms
 - Level 4.2 Ice Magic


You had 2 spell levels left.
You knew the following spells:

 Your Spells              Type           Power        Failure   Level  Hunger
a - Freeze                Ice            ###.         3%          1    #......
b - Ozocubu's Armour      Chrm/Ice       ##......     16%         3    ###....


Dungeon Overview and Level Annotations

Branches:
Dungeon (3/15)

Altars:
Wu Jian


Innate Abilities, Weirdness & Mutations

You cannot wear armour.
You are incapable of wielding weapons or throwing items.
Your paws allow you to move quietly. (Stealth)
You have sharp claws.
You have razor-sharp teeth.
You have supernaturally acute eyesight. (SInv)
You are carnivorous and can eat meat at any time.
You cover ground quickly.
You are covered in fur. (AC +1)
You have a slow metabolism.
Your sharp claws are effective at attacking unaware monsters.


Message History

Confirm with . or Enter, or press ? or * to list all spells.
Aiming: Freeze
Press: ? - help, Shift-Dir - straight line, f/p - worm
Aim: a worm (moderately wounded)
You freeze the worm.
The worm is severely wounded.
The bat hits you but does no damage.
Casting: Freeze
Confirm with . or Enter, or press ? or * to list all spells.
Aiming: Freeze
Press: ? - help, Shift-Dir - straight line, f/p - worm
Aim: a worm (severely wounded)
You freeze the worm.
The worm is almost dead.
The bat misses you. The worm bites you!
Ouch! That really hurt!
You die...
You are now level 3!
You rejoin the land of the living...
Are you sure you want to abandon this character and quit the game? (Confirm with "yes".)

#....([............# ##.##
#.###.#.###..#.#.#.###...### #.#
#.#.# #......#.##.....#. #.#
#.#.###.##.#.#.......... #.#
#.#...........###....... #.#
#..............###b..... #.#
#.###.>.##.#........(...
#.###.###...##)#...####.##..
#.##.......@............†...
#..............##.#####w#...
#######.........#.#.#...####.#.##
...........................>.#.#
#######.........#..##..<######.##
# ##....##..#..###.## #... #
#....##.........# ###. #
#.######.#..###.#########. # #.#
#.#..# #...........


There were no monsters in sight!

Vanquished Creatures
  2 adders
  2 dart slugs (D:2)
  A leopard gecko (D:1)
  5 orcs
  2 giant cockroaches
  8 goblins
  10 hobgoblins
  2 ball pythons
  11 bats
  4 frilled lizards
  6 kobolds
  5 rats
58 creatures vanquished.

Notes
Turn   | Place    | Note
-------+----------+-------------------------------------------
     0 | D:1      | inc the Felid Ice Elementalist began the quest for the Orb.
     0 | D:1      | Reached XP level 1. HP: 7/7 MP: 4/4
   275 | D:1      | Reached skill level 3 in Ice Magic
   450 | D:1      | Reached XP level 2. HP: 11/11 MP: 6/6
   823 | D:2      | Reached XP level 3. HP: 14/14 MP: 2/7
   975 | D:2      | Reached skill level 4 in Ice Magic
  1284 | D:2      | Found a faded altar of an unknown god.
  1576 | D:3      | Found an ornate altar of the Wu Jian Council.
  1586 | D:3      | Became a worshipper of the Wu Jian Council
  1614 | D:2      | Learned a level 3 spell: Ozocubu's Armour
  1675 | D:3      | Reached skill level 1 in Charms
  1831 | D:3      | Reached XP level 4. HP: 18/18 MP: 8/8
  2029 | D:2      | Slain by a worm
  2030 | D:2      | Reached XP level 3. HP: -1/14 MP: 0/7
  2030 | D:2      | Quit the game

Skill      XL: |  1  2  3  4 |
---------------+-------------+-----
Ice Magic      | 3 4 |  4.2
Charms         | 1 2 |  2.3
Dodging        | |  2.6
Stealth        | |  2.6
Spellcasting   | |  2.0
Conjurations   | |  0.8

Action                   |  1- 3 |  4- 6 || total
-------------------------+-------+-------++-------
Melee: Unarmed           |    48 |     7 ||    55
       Bite              |     3 |       ||     3
 Cast: Freeze            |    52 |    17 ||    69
       Ozocubu's Armour  |       |     1 ||     1
Invok: Lunge             |     1 |     2 ||     3
 Stab: Sleeping          |    15 |     1 ||    16
  Eat: Chunk             |     2 |       ||     2
Armor: Skin              |    12 |     8 ||    20
Dodge: Dodged            |    79 |    53 ||   132
